 Dungeon Crawl Stone Soup version 0.22-a0-469-gf26638a (console) character file.

674067 vegansnacktivist the Impregnable (level 27, -1/264 HPs)
             Began as a Deep Dwarf Fighter on June 10, 2018.
             Was the Champion of Makhleb.
             Splashed by a caustic shrike's acid (3 damage)
             ... on level 19 of a ziggurat on June 11, 2018.
             The game lasted 02:28:41 (45437 turns).

vegansnacktivist the Impregnable (DDFi)            Turns: 45437, Time: 02:28:41

Health: -1/264     AC: 19    Str: 29    XL:     27
Magic:  19/20      EV:  2    Int: 13    God:    Makhleb [******]
Gold:   6444       SH:  0    Dex: 18    Spells: 26/26 levels left

rFire    + . .     SeeInvis +   S - +9 broad axe (freeze)
rCold    + . .     Gourm    .   c - +0 shield
rNeg     + + +     Faith    .   s - +17 plate armour of Honesty {rElec MP+9 Dex+4}
rPois    ∞         Spirit   .   W - +0 hat {MR+}
rElec    +         Reflect  .   y - +2 cloak {rPois}
rCorr    .         Harm     .   i - +2 pair of gloves of Cablov {SInv}
MR       +++++                  m - +2 pair of boots {run}
Stlth    ..........             H - amulet "Meri Ritri" {+Rage rElec rC+ Dex+2 Slay+3}
HPRegen  0.00/turn              E - ring of protection from cold
MPRegen  0.17/turn              Y - ring of fire

@: petrified, corroded, very slightly contaminated, non-regenerating, slowed,
studying Throwing, quick
A: damage resistance, heal wounds, negative energy resistance 1, sense
surroundings 3, no regeneration
}: 3/15 runes: decaying, serpentine, silver
a: Heal Wounds, Minor Destruction, Lesser Servant of Makhleb, Major Destruction,
Greater Servant of Makhleb, Renounce Religion, Evoke Berserk Rage


You were on level 19 of a ziggurat.
You worshipped Makhleb.
Makhleb was exalted by your worship.
You were not hungry.

You visited 7 branches of the dungeon, and saw 41 of its levels.
You visited the Abyss 1 time.
You visited 1 ziggurat, and saw 19 of its levels.
You also visited: Labyrinth, Sewer, Bailey and Ice Cave.

You collected 7197 gold pieces.
You spent 753 gold pieces at shops.

Inventory:

Hand Weapons
 S - a +9 broad axe of freezing (weapon)
Armour
 c - a +0 shield (worn)
 i - the +2 pair of gloves of Cablov (worn) {SInv}
   (You took it off Nikola on level 1 of the Swamp)

   It lets you see invisible.
 m - a +2 pair of boots of running (worn)
 s - the +17 plate armour of Honesty (worn) {rElec MP+9 Dex+4}
   (You found it on level 2 of the Vaults)

   It affects your dexterity (+4).
   It insulates you from electricity.
   It affects your magic capacity (+9).
 y - a +2 cloak of poison resistance (worn)
 W - a +0 hat of magic resistance (worn)
Jewellery
 E - a ring of protection from cold (left hand)
 H - the amulet "Meri Ritri" (around neck) {+Rage rElec rC+ Dex+2 Slay+3}
   (You acquired it on level 4 of the Depths)

   [amulet of rage]

   It affects your dexterity (+2).
   It affects your accuracy and damage with ranged weapons and melee attacks
   (+3).
   It protects you from cold.
   It insulates you from electricity.
   It lets you go berserk.
 Y - a ring of fire (right hand)
Wands
 b - a wand of clouds (7)
 v - a wand of iceblast (59)
 w - a wand of digging (23)
 J - a wand of acid (6)
 L - a wand of paralysis (9)
 N - a wand of flame (71)
 O - a wand of enslavement (12)
 P - a wand of disintegration (48)
 V - a wand of scattershot (2)
Scrolls
 e - 8 scrolls of fear
 g - 37 scrolls of remove curse
 k - 6 scrolls of holy word
 n - 17 scrolls of fog
 x - 33 scrolls of teleportation
 F - 3 scrolls of silence
 G - 6 scrolls of blinking
 M - 8 scrolls of enchant weapon
 Q - 8 scrolls of magic mapping
 R - 11 scrolls of enchant armour
 T - 9 scrolls of summoning
 X - a scroll of brand weapon
Potions
 d - 10 potions of might
 h - 24 potions of curing
 j - 8 potions of agility
 l - 2 potions of magic
 o - 6 potions of berserk rage
 r - 12 potions of haste
 u - 7 potions of cancellation
 A - 6 potions of flight
 B - 2 potions of resistance
 C - 3 potions of invisibility
 D - 7 potions of heal wounds
 U - 8 potions of mutation
Books
 q - a manual of Throwing
Miscellaneous
 p - 10 sacks of spiders
 t - a fan of gales
 z - a lightning rod (3/4)
 I - 7 phantom mirrors
 K - a lamp of fire
 Z - 5 boxes of beasts
Comestibles
 f - 69 rations


   Skills:
 + Level 18.9 Fighting
 - Level 18.1 Axes
 * Level 26.9 Armour
 + Level 20.9 Dodging
 - Level 15.1 Shields
 + Level 25.0 Invocations
 - Level 16.7 Evocations


You had 26 spell levels left.
You didn't know any spells.
Your spell library contained the following spells:

 Spells                   Type           Power        Failure   Level  Hunger
 Cause Fear               Hex            #.........   100%        4    #####..
 Fireball                 Conj/Fire      #.........   100%        5    ######.
 Conjure Flame            Conj/Fire      #.......     95%         3    ####...
 Bolt of Fire             Conj/Fire      #.........   100%        6    #######
 Bolt of Cold             Conj/Ice       #.........   100%        6    #######
 Lightning Bolt           Conj/Air       #.........   100%        5    ######.
 Slow                     Hex            #.......     78%         2    ###....
 Confuse                  Hex            #.......     95%         3    ####...
 Invisibility             Hex            #.......     100%        6    #######
 Throw Flame              Conj/Fire      #.....       78%         2    ###....
 Throw Frost              Conj/Ice       #.....       78%         2    ###....
 Freezing Cloud           Conj/Ice/Air   #.........   100%        6    #######
 Mephitic Cloud           Conj/Pois/Air  #.......     95%         3    ####...
 Ring of Flames           Chrm/Fire      #.........   100%        7    #######
 Venom Bolt               Conj/Pois      #.........   100%        5    ######.
 Olgreb's Toxic Radiance  Pois           #.......     100%        4    #####..
 Teleport Other           Tloc           #.......     95%         3    ####...
 Bolt of Draining         Conj/Necr      #.........   100%        5    ######.
 Blink                    Tloc           N/A          78%         2    ###....
 Summon Horrible Things   Summ           #.........   100%        8    #######
 Animate Dead             Necr           N/A          100%        4    #####..
 Pain                     Necr           #...         65%         1    ##.....
 Animate Skeleton         Necr           N/A          65%         1    ##.....
 Vampiric Draining        Necr           #.........   95%         3    ####...
 Freeze                   Ice            #...         65%         1    ##.....
 Ozocubu's Refrigeration  Ice            #.........   100%        6    #######
 Sticky Flame             Conj/Fire      #.......     100%        4    #####..
 Summon Ice Beast         Ice/Summ       #.......     100%        4    #####..
 Ozocubu's Armour         Chrm/Ice       #.......     95%         3    ####...
 Dispel Undead            Necr           #.......     100%        5    ######.
 Regeneration             Chrm/Necr      #.........   95%         3    ####...
 Sting                    Conj/Pois      #...         65%         1    ##.....
 Sublimation of Blood     Necr           #.........   78%         2    ###....
 Summon Greater Demon     Summ           #.........   100%        7    #######
 Corpse Rot               Necr           N/A          78%         2    ###....
 Iron Shot                Conj/Erth      #.........   100%        6    #######
 Stone Arrow              Conj/Erth      #.....       95%         3    ####...
 Shock                    Conj/Air       #...         65%         1    ##.....
 Swiftness                Chrm/Air       #.......     78%         2    ###....
 Recall                   Summ/Tloc      N/A          95%         3    ####...
 Agony                    Necr           #.......     100%        5    ######.
 Spider Form              Tmut/Pois      #.........   95%         3    ####...
 Blade Hands              Tmut           #.........   100%        5    ######.
 Statue Form              Tmut/Erth      #........    100%        6    #######
 Ice Form                 Ice/Tmut       #.......     100%        4    #####..
 Dragon Form              Tmut           #.........   100%        7    #######
 Death Channel            Necr           #.........   100%        6    #######
 Deflect Missiles         Chrm/Air       #.........   100%        6    #######
 Throw Icicle             Conj/Ice       #.......     100%        4    #####..
 Airstrike                Air            #.........   100%        4    #####..
 Confusing Touch          Hex            #.....       65%         1    ##.....
 Flame Tongue             Conj/Fire      #....        65%         1    ##.....
 Passwall                 Tmut/Erth      #.......     78%         2    ###....
 Ignite Poison            Fire/Tmut/Pois #.......     95%         3    ####...
 Sticks to Snakes         Tmut           #.......     78%         2    ###....
 Call Canine Familiar     Summ           #.......     95%         3    ####...
 Ensorcelled Hibernation  Hex/Ice        #.....       78%         2    ###....
 Metabolic Englaciation   Hex/Ice        #.........   100%        5    ######.
 Summon Butterflies       Summ           #.......     65%         1    ##.....
 Silence                  Hex/Air        #.........   100%        5    ######.
 Static Discharge         Conj/Air       #.......     95%         3    ####...
 Corona                   Hex            #......      65%         1    ##.....
 Alistair's Intoxication  Tmut/Pois      #.......     100%        5    ######.
 Lee's Rapid Deconstruct  Erth           #.........   100%        5    ######.
 Sandblast                Erth           #.....       65%         1    ##.....
 Simulacrum               Ice/Necr       #.........   100%        6    #######
 Conjure Ball Lightning   Conj/Air       #.........   100%        6    #######
 Excruciating Wounds      Chrm/Necr      #.........   100%        5    ######.
 Portal Projectile        Hex/Tloc       #.....       95%         3    ####...
 Monstrous Menagerie      Summ           #.........   100%        7    #######
 Petrify                  Tmut/Erth      #.......     100%        4    #####..
 Passage of Golubria      Tloc           N/A          100%        4    #####..
 Orb of Destruction       Conj           #.........   100%        7    #######
 Malign Gateway           Summ/Tloc      #.........   100%        7    #######
 Leda's Liquefaction      Hex/Erth       #.........   100%        4    #####..
 Summon Hydra             Summ           #.........   100%        7    #######
 Darkness                 Hex            #.........   100%        6    #######
 Shroud of Golubria       Chrm/Tloc      #.........   78%         2    ###....
 Inner Flame              Hex/Fire       #.......     95%         3    ####...
 Beastly Appendage        Tmut           #.....       65%         1    ##.....
 Dazzling Spray           Conj/Hex       #.....       95%         3    ####...
 Infusion                 Chrm           #...         65%         1    ##.....
 Song of Slaying          Chrm           #.......     78%         2    ###....
 Spectral Weapon          Hex/Chrm       #.......     95%         3    ####...
 Searing Ray              Conj           #.....       78%         2    ###....
 Summon Forest            Summ/Tloc      #.........   100%        5    ######.
 Summon Lightning Spire   Summ/Air       #.......     100%        4    #####..
 Dragon's Call            Summ           #.........   100%        9    #######
 Summon Mana Viper        Hex/Summ       #.......     100%        5    ######.
 Hydra Form               Tmut           #.........   100%        6    #######
 Irradiate                Conj/Tmut      #.........   100%        5    ######.
 Gell's Gravitas          Tloc           #.........   95%         3    ####...
 Yara's Violent Unravell  Hex/Tmut       #.........   100%        5    ######.
 Lesser Beckoning         Tloc           #.........   95%         3    ####...
 Poisonous Vapours        Pois/Air       #.....       78%         2    ###....
 Ignition                 Fire           #.........   100%        8    #######
 Borgnjor's Vile Clutch   Necr/Erth      #.........   100%        5    ######.


Dungeon Overview and Level Annotations

Branches:
Dungeon (15/15)            Temple (0/1) D:6            Lair (6/6) D:11
  Swamp (4/4) Lair:4        Snake (4/4) Lair:2        Slime (0/5) Lair:5
    Orc (2/2) D:9             Elf (0/3) Orc:2        Vaults (5/5) D:14
  Crypt (0/3) Vaults:3     Depths (5/5) D:15            Zot (0/5) Depths:5

Altars:
Dithmenos
Fedhas
Kikubaaqudgha
Makhleb
Nemelex Xobeh
Okawaru
Ru
Uskayaw
Xom
Yredelemnul
Zin
The Shining One
Beogh
Jiyva

Shops:
Orc:2 ((=}   Snake:1 ?   Snake:3 %}(   Vaults:1 !   Vaults:3 [[

Portals:
Hell: Depths:1 Depths:2 Depths:3 Depths:4 Depths:5
Abyss: Depths:3 Depths:4
Pandemonium: Depths:1 Depths:2 Depths:3
Trove: Vaults:3 (show abyssal rune of Zot)

Annotations:
Snake:1 Asterion


Innate Abilities, Weirdness & Mutations

You are resistant to damage.
You can heal yourself by infusing magical energy.
You resist negative energy. (rN+)
You passively map a large area around you.
You do not regenerate.


Message History

The eight-headed hydra bites you but does no damage. x4
The eight-headed hydra bites you!
* * * LOW HITPOINT WARNING * * *
The eight-headed hydra bites you but does no damage. x2
The eight-headed hydra bites you.
The spiny frog is engulfed in calcifying dust.
You are engulfed in calcifying dust.
The spiny frog is no longer petrified.
The komodo dragon is no longer covered in acid.
The crocodile is no longer petrified.
The caustic shrike claws you but does no damage.
The black mamba is engulfed in calcifying dust.
The caustic shrike is engulfed in calcifying dust.
The caustic shrike claws you but does no damage. x2
The black mamba is engulfed in calcifying dust.
The caustic shrike is engulfed in calcifying dust.
The catoblepas gores you but does no damage.
The caustic shrike claws you!
* * * LOW HITPOINT WARNING * * *
The acid corrodes you!
You are splashed with acid!
The acid burns!
You die...

▓..........., *
▓▓▓▓▓▓▓▓.............▓▓▓
*
........................
,, *
........§...............
..............Y.Y.......
,
.........†.t†YYFDFY.....
..........†..wYDYDH.....
, ,
...........FilDbYDFF....,
,,, *
...........YFlbb@DYt....
........Y....≈ibYDY.....
..............SYSH......,
,
................§.......,
, *
........................,
,,
........................
, ,
........................,
,
▓▓▓▓▓▓▓▓.............▓▓▓
* * ,


You could see 2 hellephants, 2 dire elephants, 4 caustic shrikes, 4 catoblepae,
2 eight-headed hydras, a seven-headed hydra, a six-headed hydra, 2 five-headed
hydras, a four-headed hydra, a torpor snail (petrified), 2 komodo dragons, 2
spriggan druids, 2 hippogriffs, 2 black mambas, 4 yaks, 4 spiny frogs, 2 blink
frogs, a crocodile and a dream sheep.

Vanquished Creatures
  Mara (Vaults:4)
  2 juggernauts
  3 ancient liches
  Sojobo (Depths:4)
  the Lernaean hydra (Swamp:4)
  Margery (Vaults:4)
  6 Killer Klowns (Zig:17)
  Saint Roka (Vaults:4)
  5 caustic shrikes
  11 golden dragons
  the Enchantress (Depths:3)
  Nikola (Swamp:1)
  Jory (Depths:3)
  2 bone dragons
  5 pandemonium lords (Zig:17)
  4 liches
  6 tentacled monstrosities
  11 titans
  A deep elf master archer (Zig:12)
  2 acid blobs (Zig:9)
  11 sphinxes
  2 deep elf blademasters (Zig:12)
  2 sphinxes (shapeshifter) (Zig:17)
  7 quicksilver dragons
  Gastronok (Lair:2)
  A tentacled starspawn (Abyss:2)
  Kirke (D:12)
  12 shadow dragons
  An ancient champion (Zig:8)
  10 storm dragons
  13 nagarajas
  3 thorn hunters
  13 tengu reavers
  12 frost giants
  3 revenants (Zig:8)
  15 fire giants
  Donald (Swamp:2)
  2 azure jellies (Zig:9)
  20 vault wardens
  5 iron dragons
  4 deep elf sorcerers
  An orc warlord (Vaults:3)
  A balrug (Zig:11)
  Aizul (Swamp:3)
  3 ghost moths (Zig:13)
  6 emperor scorpions
  2 deep elf elementalists (Vaults:5)
  An angel (Depths:1)
  A juggernaut zombie (Zig:11)
  7 spriggan defenders
  A curse skull (Zig:2)
  A draconian stormcaller (Depths:5)
  14 ironheart preservers
  A ghoul (Zig:8)
  A reaper (Zig:6)
  A draconian annihilator (Depths:5)
  2 war gargoyles (Vaults:5)
  27 very ugly things
  A juggernaut skeleton (Zig:11)
  36 stone giants
  5 vampire knights
  A stone giant (shapeshifter) (Zig:17)
  2 entropy weavers
  A caustic shrike skeleton (Zig:11)
  A minotaur (shapeshifter) (Zig:17)
  14 spark wasps
  3 deep elf annihilators
  3 black draconians (Depths:5)
  3 deep elf demonologists
  3 yellow draconians (Depths:5)
  A white draconian (Depths:5)
  A minotaur (Lab)
  2 deep elf death magi
  An ettin (shapeshifter) (Zig:17)
  5 dire elephants (Lair:6)
  A green death (Zig:16)
  21 ettins
  An eidolon (Zig:8)
  A death ooze (Zig:9)
  11 fire dragons
  20 ice dragons
  27 yaktaur captains
  5 deep elf high priests
  12 naga warriors
  10 great orbs of eyes
  7 spriggan air magi
  A jiangshi (Zig:4)
  An alligator snapping turtle (Zig:14)
  36 vault guards
  25 hydras
  A quicksilver dragon skeleton (Zig:11)
  2 catoblepae
  8 rakshasas
  15 ogre magi
  14 centaur warriors
  18 anacondas
  49 two-headed ogres
  2 death knights
  A merfolk aquamancer (Zig:14)
  An alligator (shapeshifter) (Zig:17)
  5 ghost crabs
  3 vampire magi
  A two-headed ogre (shapeshifter) (Vaults:5)
  29 alligators
  9 death yaks
  9 deep troll earth magi
  10 deep troll shamans
  6 dancing weapons
  2 orc high priests
  5 tengu warriors
  15 hell knights
  20 naga sharpshooters
  11 shock serpents
  11 spriggan berserkers
  A storm dragon zombie (Zig:11)
  Sonja (D:10)
  9 deep elf knights
  Nergalle (D:10)
  3 iron golems (Zig:10)
  A fire crab (shapeshifter) (Vaults:5)
  3 salamander mystics
  3 shadow wraiths
  2 death drakes (Zig:15)
  4 skeletal warriors
  A shadow demon (Depths:1)
  A sea snake (shapeshifter) (Depths:3)
  A storm dragon skeleton (Vaults:3)
  2 swamp dragons (shapeshifter)
  3 shambling mangroves
  2 unseen horrors (Vaults:1)
  4 wizards
  A deep troll (shapeshifter) (Zig:18)
  2 lindwurms (shapeshifter)
  A sphinx zombie (Zig:11)
  7 deep elf archers
  5 glowing orange brains
  5 spriggan druids (Zig:16)
  7 phantasmal warriors
  A shadow dragon zombie (Zig:11)
  19 orc knights
  6 flayed ghosts
  A lindwurm (Lair:3)
  2 golden dragon skeletons (Zig:11)
  11 ironbrand convokers
  25 deep trolls
  13 swamp dragons
  11 naga ritualists
  6 necromancers
  22 deep elf magi
  7 wolf spiders
  A mana viper (shapeshifter) (Vaults:5)
  14 mana vipers
  2 tengu skeletons
  4 orb spiders
  10 cyclopes
  A human zombie (Vaults:3)
  52 ugly things
  8 salamanders
  5 large abominations (Depths:1)
  5 oklob plants (Zig:14)
  A frost giant zombie (Zig:11)
  3 frost giant skeletons
  A salamander (shapeshifter) (Depths:2)
  3 orc sorcerers
  A stone giant zombie (Zig:6)
  Maurice (D:12)
  3 moths of wrath
  8 elephants
  A rust devil (Depths:1)
  45 black mambas
  3 centaur zombies
  2 guardian serpents (shapeshifter)
  An apocalypse crab (Zig:17)
  An elephant (shapeshifter) (D:15)
  A smoke demon (Zig:1)
  6 gargoyles
  17 guardian serpents
  2 orange demons (Depths:1)
  A fire giant skeleton (Zig:6)
  24 vault sentinels
  A spiny frog (shapeshifter) (Zig:18)
  2 human skeletons (Vaults:3)
  An eye of devastation (Zig:9)
  17 spiny frogs
  19 naga magi
  4 torpor snails
  6 centaur skeletons
  An ice statue (IceCv)
  21 rime drakes
  A kobold demonologist (D:15)
  2 rime drakes (shapeshifter)
  4 demonic crawlers
  An efreet (D:14)
  11 freezing wraiths
  A yaktaur (shapeshifter) (Depths:3)
  7 komodo dragons
  55 yaktaurs
  4 ice devils
  A tormentor (Zig:6)
  12 trolls
  3 tengu conjurers
  3 polar bears (shapeshifter)
  2 wind drakes (Zig:15)
  2 jumping spiders
  A merfolk (D:12)
  A yaktaur skeleton (Vaults:5)
  11 tyrant leeches
  21 hornets
  A jumping spider (shapeshifter) (Depths:3)
  A hornet (shapeshifter) (Vaults:1)
  2 shadow dragon simulacra
  Prince Ribbit (D:5)
  A troll (shapeshifter) (Vaults:1)
  A wind drake (shapeshifter) (Depths:4)
  A raiju (Zig:1)
  20 bog bodies
  13 polar bears (IceCv)
  16 blink frogs
  A harpy skeleton (D:15)
  15 hippogriffs
  49 slime creatures
  A raiju (shapeshifter) (Depths:4)
  5 starcursed masses (Abyss:2)
  A flying skull (Zig:6)
  A centaur simulacrum (D:15)
  2 ynoxinuls
  2 redbacks (shapeshifter)
  4 redbacks
  8 spriggans
  6 wraiths
  A spriggan (shapeshifter) (Depths:4)
  7 tarantellas (Zig:13)
  3 tarantellas (shapeshifter)
  An elf zombie (Zig:11)
  5 shadows
  3 basilisks
  67 yaks
  2 wyverns
  14 steam dragons
  7 hogs (D:12)
  A neqoxec (Zig:1)
  A chaos spawn (Abyss:2)
  7 hungry ghosts
  12 vampire mosquitoes
  8 wargs
  62 nagas
  A human simulacrum (Vaults:3)
  7 insubstantial wisps
  A soldier ant (D:13)
  10 swamp worms
  8 small abominations
  7 acid dragons
  20 water moccasins
  A floating eye (Depths:3)
  13 porcupines
  15 swamp drakes
  53 orc warriors
  An eye of draining (Zig:9)
  2 ice beasts
  A black bear (Lair:4)
  4 sky beasts
  A swamp drake (shapeshifter) (D:15)
  A black bear (shapeshifter) (Vaults:4)
  A hornet zombie (D:14)
  A boggart (shapeshifter) (Vaults:5)
  A phantom (Zig:11)
  A necrophage (Zig:6)
  50 ogres
  4 boggarts (D:15)
  16 centaurs
  9 wolves (IceCv)
  2 crocodiles (shapeshifter)
  9 crocodiles
  3 big kobolds
  5 earth elementals
  9 bullfrogs
  A glowing shapeshifter simulacrum (Vaults:5)
  A gnoll sergeant (Orc:1)
  4 scorpions
  A water moccasin skeleton (D:10)
  3 killer bees (D:12)
  4 wights (D:6)
  A howler monkey (D:4)
  A howler monkey (shapeshifter) (Vaults:5)
  A troll skeleton (Lab)
  10 crimson imps
  2 quasits
  A bullfrog zombie (D:8)
  25 orc priests
  3 hounds
  7 jellies
  A bullfrog skeleton (D:4)
  2 gnoll shamans
  2 iron imps (Depths:1)
  Jessica (D:3)
  3 iguanas
  21 orc wizards
  A hell rat (D:11)
  A lightning spire (Zig:15)
  15 worker ants
  A hound zombie (D:9)
  2 hound skeletons
  A worker ant zombie (D:5)
  15 adders
  11 gnolls
  2 river rats (D:11)
  4 shadow imps
  A white imp (Depths:1)
  3 ufetubi (Depths:1)
  4 oozes (Sewer)
  3 adder skeletons
  4 worms
  2 dart slugs
  8 leopard geckos
  131 orcs
  4 ball pythons
  5 giant cockroaches
  6 goblins
  4 hobgoblins
  11 jackals
  17 kobolds
  4 quokkas
  15 bats
  8 frilled lizards
  2 leopard gecko skeletons
  A quokka skeleton (D:4)
  19 rats
  2 briar patches (Zig:16)
  2 crawling corpses (Depths:4)
  A fungus (Swamp:4)
  12 plants
2448 creatures vanquished.

Vanquished Creatures (collateral kills)
  An emperor scorpion (Zig:14)
  A dire elephant (Zig:19)
  A dire elephant (shapeshifter) (Zig:17)
  A merfolk javelineer (Zig:14)
  2 hydras
  A naga warrior (Zig:14)
  A shambling mangrove (Zig:14)
  An orb spider (shapeshifter) (Zig:17)
  A guardian serpent (Zig:14)
  A black mamba (Zig:14)
  A tyrant leech (Zig:14)
  A spriggan (Swamp:1)
  A chaos spawn (Zig:17)
  A water moccasin (Zig:19)
  A swamp worm (Lair:4)
16 creatures vanquished.

Vanquished Creatures (others)
  A tengu reaver (Depths:4)
  A storm dragon (Zig:15)
  A vault warden (Vaults:5)
  A vampire knight (Depths:3)
  A fire dragon (Depths:3)
  A great orb of eyes (Depths:2)
  5 hydras
  An alligator (Swamp:2)
  2 vampire magi
  A spriggan druid (Swamp:1)
  An orb spider (Zig:13)
  A black mamba (Snake:2)
  A vault sentinel (Vaults:1)
  A spiny frog (Swamp:1)
  A tyrant leech (Swamp:1)
  A tarantella (Zig:13)
  A spriggan (Swamp:1)
  A swamp worm (Swamp:4)
  2 nagas
  4 swamp drakes (Swamp:4)
  An ogre (Zig:5)
  An adder skeleton (D:5)
  An orc (Vaults:3)
  A briar patch (Zig:16)
  7 fungi
  21 plants
  2 starspawn tentacles (Abyss:2)
63 creatures vanquished.

Grand Total: 2527 creatures vanquished

Notes
Turn   | Place    | Note
-------+----------+-------------------------------------------
     0 | D:1      | vegansnacktivist the Deep Dwarf Fighter began the quest for the Orb.
     0 | D:1      | Reached XP level 1. HP: 20/20 MP: 1/1
    94 | D:1      | Reached XP level 2. HP: 25/27 MP: 2/2
   346 | D:1      | Reached XP level 3. HP: 22/33 MP: 3/3
   985 | D:2      | Reached XP level 4. HP: 21/42 MP: 4/4
  1380 | D:3      | Reached skill level 4 in Armour
  1380 | D:3      | Reached XP level 5. HP: 49/49 MP: 5/5
  1473 | D:3      | Noticed Jessica
  1487 | D:3      | Killed Jessica
  1599 | D:4      | Reached XP level 6. HP: 22/56 MP: 6/6
  1645 | D:4      | Reached skill level 5 in Axes
  1764 | D:4      | Reached XP level 7. HP: 41/63 MP: 6/6
  1789 | D:4      | Reached skill level 5 in Armour
  1789 | D:4      | Reached skill level 5 in Shields
  2270 | D:5      | Entered Level 5 of the Dungeon
  2366 | D:5      | Found an iron altar of Okawaru.
  2512 | D:5      | Reached XP level 8. HP: 23/73 MP: 6/6
  2534 | D:5      | Noticed Prince Ribbit
  2559 | D:5      | Killed Prince Ribbit
  2637 | D:5      | Reached skill level 5 in Fighting
  2637 | D:5      | Reached skill level 6 in Armour
  2762 | D:6      | Found a burning altar of Makhleb.
  2775 | D:6      | Became a worshipper of Makhleb the Destroyer
  2797 | D:6      | Found a staircase to the Ecumenical Temple.
  2982 | D:6      | Found a sparkling altar of Nemelex Xobeh.
  3031 | D:6      | Found a glowing drain.
  3040 | Sewer    | Entered a sewer
  3082 | Sewer    | Reached * piety under Makhleb
  4739 | D:8      | Reached skill level 1 in Invocations
  4739 | D:8      | Gained mutation: You passively map the area around you. [Deep Dwarf growth]
  4739 | D:8      | Reached XP level 9. HP: 57/81 MP: 4/6
  5085 | D:8      | Reached skill level 1 in Dodging
  5333 | D:8      | Got a scorched chain mail
  5344 | D:8      | Identified the +8 chain mail "Entyrobe" {*Drain rElec rC++ MP+9} (You found it on level 8 of the Dungeon)
  5901 | D:9      | Found a staircase to the Orcish Mines.
  6001 | D:9      | Reached ** piety under Makhleb
  6019 | D:9      | Noticed a troll
  6032 | D:9      | Killed a troll
  6032 | D:9      | Reached skill level 7 in Armour
  6310 | D:10     | Entered Level 10 of the Dungeon
  6326 | D:10     | Reached skill level 5 in Invocations
  6382 | D:10     | Noticed a troll
  6396 | D:10     | Killed a troll
  6396 | D:10     | Reached XP level 10. HP: 66/91 MP: 9/9
  6432 | D:10     | Noticed a brown ugly thing
  6453 | D:10     | Killed a brown ugly thing
  6453 | D:10     | Reached skill level 10 in Axes
  6475 | D:10     | Noticed Sonja
  6478 | D:10     | Noticed Nergalle
  6484 | D:10     | Noticed a gargoyle
  6654 | D:10     | Cast into level 2 of the Abyss (Sonja)
  6676 | Abyss:2  | Noticed a starcursed mass
  6712 | Abyss:2  | Killed a starcursed mass
  6729 | Abyss:2  | Killed a starcursed mass
  6729 | Abyss:2  | Killed a starcursed mass
  6732 | Abyss:2  | Killed a starcursed mass
  6733 | Abyss:2  | Noticed a green ugly thing
  6733 | Abyss:2  | Noticed a green ugly thing
  6733 | Abyss:2  | Noticed a green very ugly thing
  6733 | Abyss:2  | Noticed a green very ugly thing
  6734 | Abyss:2  | Noticed a green very ugly thing
  6735 | Abyss:2  | Killed a starcursed mass
  6788 | Abyss:2  | Noticed a white very ugly thing
  6788 | Abyss:2  | Noticed a white ugly thing
  6806 | Abyss:2  | Noticed a thrashing horror
  6806 | Abyss:2  | Noticed a wretched star
  6820 | Abyss:2  | Noticed a sixfirhy
  6935 | Abyss:2  | Noticed a tentacled starspawn
  6953 | Abyss:2  | Killed a tentacled starspawn
  6953 | Abyss:2  | Reached skill level 8 in Armour
  6953 | Abyss:2  | Reached XP level 11. HP: 82/99 MP: 9/9
  6956 | D:10     | Escaped the Abyss
  7158 | D:10     | Killed Nergalle
  7543 | D:10     | Killed Sonja
  7638 | D:11     | Reached skill level 5 in Dodging
  7639 | D:11     | Noticed a death yak
  7641 | D:11     | Noticed a death yak
  7645 | D:11     | Reached *** piety under Makhleb
  7774 | D:11     | Noticed a four-headed hydra
  7789 | D:11     | Killed a five-headed hydra
  7884 | D:11     | Noticed a death yak
  7917 | D:11     | Killed a death yak
  8037 | D:11     | Found a staircase to the Lair.
  8264 | D:11     | Killed a death yak
  8264 | D:11     | Reached skill level 10 in Invocations
  8281 | D:11     | Killed a death yak
  8281 | D:11     | Reached skill level 9 in Armour
  8602 | D:12     | Reached XP level 12. HP: 109/109 MP: 9/9
  8644 | D:12     | Reached **** piety under Makhleb
  8716 | D:12     | Found a roughly hewn altar of Beogh.
  8966 | D:12     | Noticed Maurice
  8975 | D:12     | Killed Maurice
  9165 | D:12     | Noticed Kirke
  9198 | D:12     | Killed Kirke
  9559 | Lair:1   | Entered Level 1 of the Lair of Beasts
  9580 | Lair:1   | Found a labyrinth entrance.
  9587 | Lab      | Entered a labyrinth
 10045 | Lab      | Noticed a minotaur
 10076 | Lab      | Killed a minotaur
 10078 | Lab      | Found the +8 glaive of the Guard {elec, +Rage AC+5 SInv}
 10104 | Lair:1   | Reached ***** piety under Makhleb
 10790 | Lair:2   | Reached XP level 13. HP: 81/118 MP: 10/10
 10840 | Lair:2   | Identified Ohupulecw's Guide on Harmful Black Secrets
 10857 | Lair:2   | Found a frozen archway.
 10896 | IceCv    | Entered an ice cave
 11099 | IceCv    | Reached skill level 10 in Armour
 11112 | IceCv    | Reached skill level 10 in Shields
 11421 | IceCv    | Noticed a frost giant
 11463 | IceCv    | Killed a frost giant
 11527 | IceCv    | Found the cursed necklace of Bloodlust {*Rage +Rage MR++ Int-3 Slay+6 *Curse}
 12062 | Lair:2   | Found a staircase to the Snake Pit.
 12147 | Lair:2   | Noticed Gastronok
 12169 | Lair:2   | Killed Gastronok
 12739 | Lair:3   | Found a hide-covered altar of Uskayaw.
 12843 | Lair:3   | Got a flickering amethyst amulet
 13175 | Lair:3   | Reached ****** piety under Makhleb
 13175 | Lair:3   | Gained mutation: You resist negative energy. (rN+) [Deep Dwarf growth]
 13175 | Lair:3   | Reached XP level 14. HP: 100/129 MP: 12/12
 13539 | Lair:3   | Identified the amulet "Ogogoism" {Acrobat +Fly rPois rF- SInv} (You found it on level 3 of the Lair of Beasts)
 14273 | Lair:4   | Found a staircase to the Swamp.
 14560 | Lair:5   | Reached skill level 11 in Armour
 15020 | Lair:5   | Found a viscous altar of Jiyva.
 15020 | Lair:5   | Found a staircase to the Slime Pits.
 15063 | Lair:6   | Entered Level 6 of the Lair of Beasts
 15334 | Lair:6   | Reached skill level 15 in Invocations
 15383 | Lair:6   | Reached skill level 15 in Axes
 15754 | Lair:6   | Reached skill level 1 in Evocations
 16240 | Swamp:1  | Entered Level 1 of the Swamp
 16255 | Swamp:1  | Reached XP level 15. HP: 113/138 MP: 11/11
 16351 | Swamp:1  | Noticed Nikola
 16646 | Swamp:1  | Killed Nikola
 16648 | Swamp:1  | Got a pair of ancient gloves
 16660 | Swamp:1  | Identified the +2 pair of gloves of Cablov {SInv} (You took it off Nikola on level 1 of the Swamp)
 16783 | Swamp:1  | Reached skill level 10 in Fighting
 17111 | Swamp:1  | Reached skill level 5 in Evocations
 17377 | Swamp:2  | Noticed Donald
 17394 | Swamp:2  | Killed Donald
 17728 | Swamp:2  | Reached skill level 10 in Dodging
 18325 | Swamp:3  | Reached skill level 12 in Armour
 18342 | Swamp:3  | Got an ancient war axe
 18346 | Swamp:3  | Identified the +7 war axe of the Last Gods {freeze, +Inv Int+3 Stlth+} (You found it on level 3 of the Swamp)
 18952 | Swamp:3  | Noticed Aizul
 18975 | Swamp:3  | Killed Aizul
 19200 | Swamp:4  | Entered Level 4 of the Swamp
 19279 | Swamp:4  | Noticed a thorn hunter
 19295 | Swamp:4  | Killed a thorn hunter
 19295 | Swamp:4  | Reached XP level 16. HP: 147/147 MP: 9/9
 19582 | Swamp:4  | Noticed the 27-headed Lernaean hydra
 19586 | Swamp:4  | Got a decaying rune of Zot
 19610 | Swamp:4  | Killed the 27-headed Lernaean hydra
 19610 | Swamp:4  | Reached skill level 10 in Evocations
 20091 | Snake:1  | Entered Level 1 of the Snake Pit
 20302 | Snake:1  | Found Axuas's Magic Scroll Shoppe.
 20320 | Snake:1  | Bought 2 scrolls of identify for 72 gold pieces
 20320 | Snake:1  | Bought a scroll of identify for 36 gold pieces
 20324 | Snake:1  | Identified a scroll of acquirement
 20326 | Snake:1  | Bought a scroll of blinking for 135 gold pieces
 20390 | Snake:1  | Noticed Asterion
 20395 | Snake:1  | Noticed an Executioner
 20696 | Snake:1  | Reached skill level 13 in Armour
 21181 | Snake:2  | Reached XP level 17. HP: 157/157 MP: 10/10
 21745 | Snake:3  | Found Offaorphixie's Weapon Boutique.
 21919 | Snake:3  | Found a glowing silver altar of Zin.
 22118 | Snake:3  | Found Xaruewn's Gadget Emporium.
 22118 | Snake:3  | Found Ibeumnu's Food Shoppe.
 22879 | Snake:4  | Entered Level 4 of the Snake Pit
 23052 | Snake:4  | Reached skill level 15 in Shields
 23132 | Snake:4  | Reached skill level 14 in Armour
 23329 | Snake:4  | Gained mutation: You passively map a large area around you. [Deep Dwarf growth]
 23329 | Snake:4  | Reached XP level 18. HP: 102/169 MP: 11/11
 23413 | Snake:4  | Got a serpentine rune of Zot
 23469 | Snake:4  | Reached skill level 15 in Armour
 24099 | D:13     | Found a flagged portal.
 24229 | Bailey   | Entered a bailey
 24867 | D:14     | Got a pitted chain mail
 24869 | D:14     | Identified the +12 chain mail of the Zebra {rPois rF+ rCorr} (You found it on level 14 of the Dungeon)
 25226 | D:14     | Found a shimmering altar of Xom.
 25226 | D:14     | Found a shimmering altar of Xom.
 25226 | D:14     | Found a shimmering altar of Xom.
 25231 | D:14     | Found a shimmering altar of Xom.
 25439 | D:14     | Found a gate to the Vaults.
 25721 | D:15     | Entered Level 15 of the Dungeon
 26148 | D:15     | Found a sacrificial altar of Ru.
 26820 | D:15     | Found a staircase to the Depths.
 26969 | Vaults:1 | Entered Level 1 of the Vaults
 26982 | Vaults:1 | Found Faisyph's Distillery.
 27004 | Vaults:1 | Bought a potion of haste for 150 gold pieces
 27007 | Vaults:1 | Bought a potion of ambrosia for 120 gold pieces
 27007 | Vaults:1 | Bought a potion of agility for 60 gold pieces
 27007 | Vaults:1 | Bought a potion of ambrosia for 120 gold pieces
 27007 | Vaults:1 | Bought a potion of agility for 60 gold pieces
 27090 | Vaults:1 | Reached skill level 16 in Armour
 27336 | Vaults:1 | Reached XP level 19. HP: 178/178 MP: 13/13
 28367 | Vaults:2 | Reached skill level 17 in Armour
 28842 | Vaults:2 | Got a smoking plate armour
 28843 | Vaults:2 | Identified the +17 plate armour of Honesty {rElec MP+9 Dex+4} (You found it on level 2 of the Vaults)
 29713 | Vaults:3 | Found Koalel's Armour Shop.
 29856 | Vaults:3 | Reached XP level 20. HP: 189/189 MP: 15/15
 30045 | Vaults:3 | Reached skill level 15 in Dodging
 30063 | Vaults:3 | Reached skill level 18 in Armour
 30265 | Vaults:3 | Found Goragiuso's Armour Emporium.
 30891 | Vaults:3 | Found a staircase to the Crypt.
 30891 | Vaults:3 | Found a basalt altar of Yredelemnul.
 30892 | Vaults:3 | Found an ancient bone altar of Kikubaaqudgha.
 31094 | Vaults:3 | Found a portal to a secret trove of treasure.
 31672 | Vaults:4 | Noticed Saint Roka
 31708 | Vaults:4 | Reached skill level 15 in Evocations
 31720 | Vaults:4 | Killed Saint Roka
 31908 | Vaults:4 | Found a magical portal.
 32066 | Vaults:4 | Noticed Mara
 32072 | Vaults:4 | Noticed vegansnacktivist's illusion
 32328 | Vaults:4 | Noticed Margery
 32415 | Vaults:4 | Killed Margery
 32557 | Vaults:5 | Entered Level 5 of the Vaults
 32582 | Vaults:5 | Reached XP level 21. HP: 198/198 MP: 15/15
 32741 | Vaults:5 | Noticed a golden dragon
 32757 | Vaults:5 | Killed a golden dragon
 32972 | Vaults:5 | Noticed a golden dragon
 32993 | Vaults:5 | Killed a golden dragon
 33033 | Vaults:5 | Identified the Handbook of Freezing Fire
 33358 | Vaults:5 | Found the ring of the Mage {Wiz MR++ Int+3}
 33421 | Vaults:5 | Reached skill level 19 in Armour
 33720 | Vaults:5 | Reached XP level 22. HP: 207/207 MP: 16/16
 34432 | Vaults:5 | Got a silver rune of Zot
 34540 | Vaults:4 | Noticed vegansnacktivist's illusion
 34541 | Vaults:4 | Killed Mara
 34717 | Depths:1 | Entered Level 1 of the Depths
 34750 | Depths:1 | Found a gateway to a ziggurat.
 35015 | Depths:1 | Found a one-way gate leading to the halls of Pandemonium.
 35377 | Depths:1 | Found a gateway to Hell.
 35454 | Depths:2 | Reached skill level 15 in Fighting
 35591 | Depths:2 | Reached skill level 20 in Armour
 36014 | Depths:2 | Reached XP level 23. HP: 96/217 MP: 17/17
 36166 | Depths:2 | Identified Jynorghi's Tome of Enchantment
 36911 | Depths:3 | Reached skill level 21 in Armour
 37268 | Depths:3 | Noticed Jory
 37269 | Depths:3 | Noticed a caustic shrike
 37303 | Depths:3 | Killed Jory
 37306 | Depths:3 | Killed a caustic shrike
 37316 | Depths:3 | Found a glowing golden altar of the Shining One.
 37359 | Depths:3 | HP: 9/219 [titan/bolt of lightning (45)]
 37367 | Depths:3 | HP: 7/219 [titan/bolt of lightning (31)]
 37432 | Depths:3 | Got a translucent lapis lazuli ring
 37434 | Depths:3 | Identified the cursed ring "Nagydwop" {rPois rC+ Int-3 Dex+3} (You took it off an ogre mage on level 3 of the Depths)
 37450 | Depths:3 | Identified the Guide on Virous Unholy Rituals
 37558 | Depths:3 | Found a blossoming altar of Fedhas.
 37565 | Depths:3 | Noticed the Enchantress
 37660 | Depths:3 | Killed the Enchantress
 37985 | Depths:3 | Reached XP level 24. HP: 224/229 MP: 13/13
 38152 | Depths:3 | Reached skill level 22 in Armour
 38314 | Depths:3 | Found a shadowy altar of Dithmenos.
 38525 | Depths:3 | Found a one-way gate to the infinite horrors of the Abyss.
 39005 | Depths:3 | Identified the Almanac of Arcane Weapons and Changing
 39013 | Depths:3 | Got a faintly glowing executioner's axe
 39014 | Depths:3 | Identified the cursed +3 executioner's axe "Jaamoes" {chop, rPois rN++} (You found it on level 3 of the Depths)
 39762 | Depths:4 | Noticed Sojobo
 39791 | Depths:4 | Killed Sojobo
 40169 | Depths:4 | Noticed a juggernaut
 40207 | Depths:4 | Killed a juggernaut
 40855 | Orc:1    | Entered Level 1 of the Orcish Mines
 40879 | Orc:1    | Found a roughly hewn altar of Beogh.
 41084 | Orc:2    | Entered Level 2 of the Orcish Mines
 41084 | Orc:2    | Found a staircase to the Elven Halls.
 41140 | Orc:2    | Reached skill level 23 in Armour
 41382 | Orc:2    | Reached XP level 25. HP: 240/240 MP: 12/12
 41389 | Orc:2    | Found Vorhacoe's Jewellery Boutique.
 41389 | Orc:2    | Found Zuzurphe's Weapon Shoppe.
 41390 | Orc:2    | Found Guece Deg's Gadget Emporium.
 41390 | Orc:2    | Found Xixtapti's Antique Weapon Boutique.
 42290 | Depths:4 | Got a sparkling crystal amulet
 42291 | Depths:4 | Identified the amulet "Meri Ritri" {+Rage rElec rC+ Dex+2 Slay+3} (You acquired it on level 4 of the Depths)
 42297 | Depths:5 | Entered Level 5 of the Depths
 42304 | Depths:5 | Noticed a juggernaut
 42328 | Depths:5 | Killed a juggernaut
 43169 | Depths:5 | Found a gate to the Realm of Zot.
 43452 | Zig:1    | Entered Level 1 of a ziggurat
 43473 | Zig:2    | Entered Level 2 of a ziggurat
 43532 | Zig:3    | Entered Level 3 of a ziggurat
 43588 | Zig:4    | Entered Level 4 of a ziggurat
 43590 | Zig:4    | Noticed an ancient lich
 43604 | Zig:4    | Killed an ancient lich
 43625 | Zig:5    | Entered Level 5 of a ziggurat
 43658 | Zig:5    | Reached skill level 24 in Armour
 43658 | Zig:5    | Reached XP level 26. HP: 249/249 MP: 11/11
 43661 | Zig:6    | Entered Level 6 of a ziggurat
 43737 | Zig:7    | Entered Level 7 of a ziggurat
 43805 | Zig:8    | Entered Level 8 of a ziggurat
 43904 | Zig:9    | Entered Level 9 of a ziggurat
 43979 | Zig:9    | Got a pair of warped boots
 43990 | Zig:9    | Identified the +0 pair of boots of Past Mistakes {-Tele rF++ rN+ Slay+3} (You found it on level 9 of a ziggurat)
 44004 | Zig:10   | Entered Level 10 of a ziggurat
 44097 | Zig:10   | Reached skill level 25 in Armour
 44097 | Zig:10   | Reached XP level 27. HP: 260/260 MP: 11/11
 44110 | Zig:10   | Got a transparent turquoise ring
 44111 | Zig:10   | Identified the ring of Cusaed {rN+ Str+4 Int+3 Dex+4} (You found it on level 10 of a ziggurat)
 44135 | Zig:11   | Entered Level 11 of a ziggurat
 44244 | Zig:12   | Entered Level 12 of a ziggurat
 44347 | Zig:13   | Entered Level 13 of a ziggurat
 44457 | Zig:13   | Identified a +0 pair of boots of running (You found it on level 13 of a ziggurat)
 44492 | Zig:13   | Got a warped copper ring
 44493 | Zig:13   | Identified the ring "Osetynk" {Int+2 Dex+2} (You found it on level 13 of a ziggurat)
 44520 | Zig:14   | Entered Level 14 of a ziggurat
 44627 | Zig:14   | Got a steaming lead ring
 44630 | Zig:14   | Identified the ring of Ozxiunk {+Fly rN+ Stlth+} (You found it on level 14 of a ziggurat)
 44672 | Zig:15   | Entered Level 15 of a ziggurat
 44768 | Zig:15   | Identified Pempeargh's Incunabulum of Envenoming and Aid
 44777 | Zig:15   | Identified the Disquisition on Snow and Lightness
 44783 | Zig:15   | Got a sparkling golden ring
 44784 | Zig:15   | Identified the ring "Vuil" {*Tele Dex+3} (You found it on level 15 of a ziggurat)
 44790 | Zig:16   | Entered Level 16 of a ziggurat
 44828 | Zig:16   | Reached skill level 26 in Armour
 44868 | Zig:16   | Got a crude marble ring
 44869 | Zig:16   | Identified the ring of Suspicion {+Inv Str+3} (You found it on level 16 of a ziggurat)
 45008 | Zig:17   | Entered Level 17 of a ziggurat
 45018 | Zig:17   | Noticed Sol Jeke the pandemonium lord
 45018 | Zig:17   | Noticed Tion Coa the pandemonium lord
 45020 | Zig:17   | Noticed Xehar the pandemonium lord
 45025 | Zig:17   | Noticed Moeroydd the pandemonium lord
 45036 | Zig:17   | Noticed Femasaus the pandemonium lord
 45039 | Zig:17   | Killed Sol Jeke the pandemonium lord
 45069 | Zig:17   | Killed Femasaus the pandemonium lord
 45079 | Zig:17   | Killed Moeroydd the pandemonium lord
 45084 | Zig:17   | Killed Tion Coa the pandemonium lord
 45084 | Zig:17   | Killed Xehar the pandemonium lord
 45135 | Zig:17   | Got a smoking silver ring
 45144 | Zig:17   | Identified the ring "Goymnumn" {Int+3 SInv} (You found it on level 17 of a ziggurat)
 45170 | Zig:18   | Entered Level 18 of a ziggurat
 45188 | Zig:18   | Noticed an ancient lich
 45203 | Zig:18   | Noticed an ancient lich
 45214 | Zig:18   | Killed an ancient lich
 45227 | Zig:18   | Killed an ancient lich
 45272 | Zig:18   | Got a brightly glowing bone ring
 45274 | Zig:18   | Identified the cursed ring "Qinneefi" {rPois Dex-3} (You found it on level 18 of a ziggurat)
 45283 | Zig:18   | Identified the Handbook of Viperous Translocation
 45302 | Zig:18   | Identified Hoat Tuy's Disquisition on Mutagenic Displacement
 45315 | Zig:18   | Got a pitted granite ring
 45319 | Zig:18   | Identified the ring "Iqazal" {Ice rN+ Str+4} (You found it on level 18 of a ziggurat)
 45322 | Zig:18   | Got a fine glass ring
 45323 | Zig:18   | Identified the ring of Runojech {*Corrode +Fly rN+ Str+6 Stlth+} (You found it on level 18 of a ziggurat)
 45340 | Zig:18   | Got a scorched plate armour
 45377 | Zig:18   | Identified the +9 plate armour of Jiemur {Int-5 Dex+4 SInv Stlth+} (You found it on level 18 of a ziggurat)
 45393 | Zig:19   | Entered Level 19 of a ziggurat
 45436 | Zig:19   | HP: 10/264 [acid (4)]
 45437 | Zig:19   | HP: 2/264 [caustic shrike (4)]
 45437 | Zig:19   | Splashed by a caustic shrike's acid

Vault maps used:
D:1:      erik_arrival_orb_chamber, roderic_lattice_a, minmay_small_reverse_x
D:3:      first_ration, uniq_jessica
D:4:      serial_forest, infiniplex_forest_clump_small,
          infiniplex_forest_clump_long, infiniplex_forest_lined_2,
          infiniplex_forest_lined_corner, infiniplex_forest_clump_medium,
          infiniplex_forest_lined_4_way, infiniplex_forest_lined_3,
          infiniplex_forest_lined_room_, hex_tiny
D:5:      okawaru_metal_pillars_1_2, uniq_prince_ribbit1
D:6:      overflow_temple_1_default, minmay_temple_entry_butterflies,
          portal_sewer_entry_d, kennysheep_crisscross,
          nemelex_spade_bored_becter
D:9:      orc_0_dummy
D:10:     uniq_nergalle, uniq_sonja
D:11:     dpeg_lair_monsters
D:12:     hangedman_fish_farm, david_defended_altar_orc, uniq_kirke,
          uniq_maurice
D:13:     enter_bailey_8, hangedman_abyss_or_decor_stabs
D:14:     kennysheep_room_grid, lightli_vaults_fourway_checkpoint,
          xom_redecorated
D:15:     gammafunk_enter_depths_forms, nicolae_ru_sacrificial_ziggurat,
          minmay_misc_feat_pillars
Lair:1:   lab_entry_generic
Lair:2:   minmay_snake_entry_six_corridors, portal_ice_cave_demonic_guard,
          uniq_gastronok
Lair:3:   basic_altar, minivault_25, minivault_23, bobbens_dragon_lair_wall
Lair:4:   minmay_swamp_entry_worms
Lair:5:   dpeg_slime_entry_enclosed_altar
Lair:6:   due_jungle_book, minmay_lair_drake_nest
Swamp:1:  serial_swamp_ruin, evilmike_swamp_ruin_rubble_1,
          evilmike_swamp_ruin_house_6, evilmike_swamp_ruin_house_2, uniq_nikola
Swamp:2:  nicolae_swamp_triple_paths, hangedman_swamp_blocks, uniq_donald
Swamp:3:  hangedman_swamp_ruin_hall, swamp_pool2, uniq_aizul
Swamp:4:  grunt_swamp_rune_castle
Snake:1:  cheibrodos_snake_ritualist_ritual, serial_shops, nicolae_shop_crystal,
          st_stairs_10, uniq_asterion
Snake:2:  grunt_megastairs_2
Snake:3:  serial_shops, nicolae_shop_trees, basic_altar, st_stairs_12,
          spider_trap, grunt_megastairs_1, minmay_shoptagon,
          basic_stair_grate_trap
Snake:4:  grunt_snake_rune_serpentine_throne, lemuel_fruit_tree
Orc:1:    basic_altar
Orc:2:    st_orc_ogre_mass
Vaults:1: nicolae_vaults_network_barrier, nicolae_vaults_little_squares_4,
          nicolae_vaults_diagonal_hallway_8, nicolae_vaults_rhombus_6,
          ontoclasm_vaults_tryst, grunt_vaults_hallway_long,
          hangedman_vaults_snaps, st_diamondy, vaults_mumra_minichess,
          nicolae_vaults_ring_of_whatevers, nicolae_vaults_ring_of_whatevers,
          serial_shops, shop
Vaults:2: vaults_mumra_hex, nicolae_vaults_gold_heap, vaults_dpeg_diagonal,
          hangedman_vaults_river_flow, nicolae_vaults_little_squares_6,
          nicolae_vaults_network_periphery, st_cross, v_alt_pattern_2,
          ontoclasm_vaults_ligature
Vaults:3: minmay_crypt_entry_necro_gods, hangedman_vaults_maws,
          nicolae_vaults_network_s, hangedman_vaults_nails, v_rooms_2,
          v_misc_15, st_hourglassy, ontoclasm_vaults_hangar,
          vaults_room_ringed_pool, serial_shops, shop, nicolae_shop_statue_plus,
          enter_trove_1
Vaults:4: v_misc_1, v_misc_24, nicolae_vaults_circle_grid_a, vaults_room_fours,
          mu_enter_wizlab_4, uniq_mara, uniq_saint_roka, uniq_margery
Vaults:5: serial_shops
Depths:1: enter_ziggurat_f, solitary_fountain, grunt_pan_entry_sceptre,
          hangedman_tar_grid_catacomb, laboratory
Depths:2: grunt_runaround, pan_entry, hell_entry
Depths:3: minmay_the_grid_ultimate, pan_entry, hell_entry, abyss_entry,
          uniq_enchantress, uniq_jory
Depths:4: minmay_octo_star, hell_entry, abyss_entry,
          minmay_staircase_windowed_large, grunt_megastairs_4, uniq_sojobo
Depths:5: grunt_zot_entry_gee_three, minmay_misc_feat_four_crosses, hell_entry
Zig:2:    ziggurat_pillar_centre_c
Zig:14:   ziggurat_pillar_centre_oklobs
Zig:18:   ziggurat_pillar_centre_smoke
Lab:      nicolae_lab_big_swirl, nicolae_lab_plus, labyrinth_lava_lair,
          nicolae_lab_arrow, labyrinth_skeletal_remains, labyrinth_glass_1,
          nicolae_lab_flowing_pool
Sewer:    sewer_fruit_machine
Bailey:   bailey_polearm_5, bailey
IceCv:    ice_cave_caverns_03

Skill      XL: |  1  2  3  4  5  6  7  8  9 10 11 12 13 14 15 16 17 18 19 20 21 22 23 24 25 26 27 |
---------------+----------------------------------------------------------------------------------+-----
Axes           | 3 4 5 6 8 9 10 11 13 14 15 16 17 18 | 18.1
Fighting       | 3 4 5 6 7 8 9 10 11 12 13 14 15 16 17 18 | 18.9
Armour         | 4 5 6 7 8 9 10 11 12 13 14 16 17 18 19 20 21 23 24 25 26 | 26.9
Shields        | 4 5 6 7 8 9 10 11 12 13 15 | 15.1
Invocations    | 1 5 8 10 12 13 15 17 18 19 20 21 22 23 25 | 25.0
Dodging        | 3 4 6 7 8 9 10 11 13 14 15 16 17 18 19 20 | 20.9
Evocations     | 3 8 10 16 | 16.7

Action                   |  1- 3 |  4- 6 |  7- 9 | 10-12 | 13-15 | 16-18 | 19-21 | 22-24 | 25-27 || total
-------------------------+-------+-------+-------+-------+-------+-------+-------+-------+-------++-------
Melee: War axe           |   138 |   195 |   460 |   925 |  1887 |  1639 |  1834 |  1602 |       ||  8680
       Broad axe         |       |       |       |       |       |       |       |   737 |   949 ||  1686
Throw: Throwing net      |       |       |       |     1 |     3 |       |       |       |       ||     4
Invok: Minor Destruction |       |       |       |     5 |    79 |    26 |       |       |       ||   110
       Lesser Servant of |       |       |       |     1 |       |       |       |       |       ||     1
       Major Destruction |       |       |       |       |     3 |     3 |       |       |       ||     6
       Greater Servant o |       |       |       |       |     1 |     1 |       |       |     1 ||     3
 Abil: Heal Wounds       |       |     9 |    10 |    21 |    24 |     5 |    13 |    40 |    16 ||   138
Evoke: Wand              |       |       |     3 |    34 |    16 |     3 |     2 |     1 |     7 ||    66
       Lamp of fire      |       |       |       |     1 |     2 |     1 |       |     4 |     3 ||    11
       Phial of floods   |       |       |       |       |     1 |       |       |       |       ||     1
       Sack of spiders   |       |       |       |       |     7 |       |       |       |     3 ||    10
       Lightning rod     |       |       |       |       |       |       |       |    10 |     9 ||    19
       Box of beasts     |       |       |       |       |       |       |       |       |     4 ||     4
  Use: Scroll            |       |       |    13 |    10 |     9 |    11 |    10 |    23 |    18 ||    94
       Potion            |       |       |       |     1 |     2 |     1 |     6 |     9 |     6 ||    25
 Stab: Paralysed         |       |       |     4 |       |       |       |       |       |       ||     4
       Confused          |       |       |       |     1 |       |       |       |       |     1 ||     2
       Distracted        |       |       |       |       |     1 |       |     1 |     1 |     2 ||     5
       Held in net/web   |       |       |       |       |     1 |       |       |       |     2 ||     3
       Invisible         |       |       |       |       |       |       |       |       |     3 ||     3
       Petrified         |       |       |       |       |       |       |       |       |     3 ||     3
       Petrifying        |       |       |       |       |       |       |       |       |     1 ||     1
  Eat: Chunk             |     1 |     2 |    13 |    14 |    24 |    37 |    16 |    29 |     4 ||   140
       Ration            |       |       |     1 |     5 |     2 |     1 |       |       |     3 ||    12
Armor: Scale mail        |    82 |    94 |   152 |       |       |       |       |       |       ||   328
       Chain mail        |       |       |   111 |   481 |  1014 |   919 |   415 |   813 |       ||  3753
       Plate armour      |       |       |       |       |       |       |   286 |   194 |  1090 ||  1570
Dodge: Dodged            |    46 |    62 |   144 |   340 |  1019 |   893 |   722 |  1114 |  1150 ||  5490
Block: Shield            |    82 |   128 |   320 |   588 |  1378 |  1243 |  1018 |  1460 |  1062 ||  7279

Table legend:
 A = Spawn XP
 B = Non-spawn XP
 C = Spawn XP percentage of total XP
 D = Spawn monster count
 E = Non-spawn monster count
 F = Spawn count percentage of total count
 G = Total turns spent on level
                    A         B        C        D         E        F      G
               +---------+---------+-------+---------+---------+-------+---------
         Total |    3174 | 1582735 |   0.2 |       6 |    2464 |   0.2 | 45437
               +---------+---------+-------+---------+---------+-------+---------
           D:1 |       0 |      56 |   0.0 |       0 |      37 |   0.0 |   869
           D:2 |       0 |      58 |   0.0 |       0 |      17 |   0.0 |   315
           D:3 |       0 |     222 |   0.0 |       0 |      27 |   0.0 |   367
           D:4 |       0 |     717 |   0.0 |       0 |      29 |   0.0 |   719
           D:5 |       0 |    1026 |   0.0 |       0 |      16 |   0.0 |   409
           D:6 |       0 |     395 |   0.0 |       0 |      18 |   0.0 |   738
           D:7 |       0 |     253 |   0.0 |       0 |      12 |   0.0 |   673
           D:8 |       0 |     429 |   0.0 |       0 |      11 |   0.0 |   972
           D:9 |       0 |    1500 |   0.0 |       0 |      24 |   0.0 |   757
          D:10 |       0 |    5112 |   0.0 |       0 |      22 |   0.0 |   948
          D:11 |       0 |    7647 |   0.0 |       0 |      36 |   0.0 |  1099
          D:12 |       0 |    9744 |   0.0 |       0 |      55 |   0.0 |  1085
          D:13 |       0 |    8347 |   0.0 |       0 |      30 |   0.0 |   775
          D:14 |       0 |   21619 |   0.0 |       0 |      53 |   0.0 |  1029
          D:15 |       0 |   16351 |   0.0 |       0 |      46 |   0.0 |  1375
        Lair:1 |       0 |    4194 |   0.0 |       0 |      17 |   0.0 |   851
        Lair:2 |       0 |    7115 |   0.0 |       0 |      26 |   0.0 |  1034
        Lair:3 |       0 |    8943 |   0.0 |       0 |      34 |   0.0 |   856
        Lair:4 |       0 |    8820 |   0.0 |       0 |      22 |   0.0 |  1127
        Lair:5 |       0 |    7323 |   0.0 |       0 |      32 |   0.0 |   742
        Lair:6 |       0 |   21497 |   0.0 |       0 |      47 |   0.0 |  1136
       Swamp:1 |       0 |   11385 |   0.0 |       0 |      26 |   0.0 |   782
       Swamp:2 |       0 |   10490 |   0.0 |       0 |      22 |   0.0 |   874
       Swamp:3 |       0 |   22557 |   0.0 |       0 |      45 |   0.0 |  1130
       Swamp:4 |       0 |   31633 |   0.0 |       0 |      53 |   0.0 |   724
       Snake:1 |       0 |   24488 |   0.0 |       0 |      54 |   0.0 |  1020
       Snake:2 |       0 |   27602 |   0.0 |       0 |      49 |   0.0 |   672
       Snake:3 |       0 |   15132 |   0.0 |       0 |      28 |   0.0 |  1161
       Snake:4 |       0 |   61286 |   0.0 |       0 |     102 |   0.0 |   748
         Orc:1 |       0 |    5390 |   0.0 |       0 |      37 |   0.0 |   378
         Orc:2 |       0 |   24076 |   0.0 |       0 |      81 |   0.0 |   720
      Vaults:1 |       0 |   56167 |   0.0 |       0 |      97 |   0.0 |  1255
      Vaults:2 |       0 |   51462 |   0.0 |       0 |      89 |   0.0 |  1474
      Vaults:3 |       0 |   67988 |   0.0 |       0 |     109 |   0.0 |  1512
      Vaults:4 |       0 |   42403 |   0.0 |       0 |      50 |   0.0 |  1433
      Vaults:5 |       0 |  173305 |   0.0 |       0 |     147 |   0.0 |  1915
      Depths:1 |       0 |   40282 |   0.0 |       0 |      73 |   0.0 |   891
      Depths:2 |       0 |  105344 |   0.0 |       0 |     109 |   0.0 |  1510
      Depths:3 |       0 |  150880 |   0.0 |       0 |     125 |   0.0 |  2508
      Depths:4 |       0 |   74584 |   0.0 |       0 |      51 |   0.0 |  1272
      Depths:5 |       0 |   76407 |   0.0 |       0 |      65 |   0.0 |   936
       Abyss:2 |    3174 |     842 |  79.0 |       6 |       5 |  54.5 |   302
         Zig:1 |       0 |     785 |   0.0 |       0 |       3 |   0.0 |    21
         Zig:2 |       0 |    2260 |   0.0 |       0 |       2 |   0.0 |    59
         Zig:3 |       0 |    3618 |   0.0 |       0 |       4 |   0.0 |    56
         Zig:4 |       0 |    8839 |   0.0 |       0 |       4 |   0.0 |    37
         Zig:5 |       0 |    4765 |   0.0 |       0 |       8 |   0.0 |    36
         Zig:6 |       0 |    6993 |   0.0 |       0 |       8 |   0.0 |    76
         Zig:7 |       0 |   10024 |   0.0 |       0 |      12 |   0.0 |    68
         Zig:8 |       0 |   13970 |   0.0 |       0 |       9 |   0.0 |    99
         Zig:9 |       0 |   12876 |   0.0 |       0 |      13 |   0.0 |   100
        Zig:10 |       0 |   22789 |   0.0 |       0 |      13 |   0.0 |   131
        Zig:11 |       0 |   12334 |   0.0 |       0 |      15 |   0.0 |   109
        Zig:12 |       0 |   20083 |   0.0 |       0 |      23 |   0.0 |   103
        Zig:13 |       0 |   17252 |   0.0 |       0 |      30 |   0.0 |   173
        Zig:14 |       0 |   26409 |   0.0 |       0 |      34 |   0.0 |   152
        Zig:15 |       0 |   39142 |   0.0 |       0 |      34 |   0.0 |   118
        Zig:16 |       0 |   35933 |   0.0 |       0 |      37 |   0.0 |   218
        Zig:17 |       0 |   54499 |   0.0 |       0 |      28 |   0.0 |   162
        Zig:18 |       0 |   64257 |   0.0 |       0 |      37 |   0.0 |   223
        Zig:19 |       0 |    2317 |   0.0 |       0 |       5 |   0.0 |    44
           Lab |       0 |    2283 |   0.0 |       0 |       8 |   0.0 |   501
         Sewer |       0 |      67 |   0.0 |       0 |      22 |   0.0 |   640
        Bailey |       0 |    2718 |   0.0 |       0 |      40 |   0.0 |   236
         IceCv |       0 |   13451 |   0.0 |       0 |      47 |   0.0 |   982
               +---------+---------+-------+---------+---------+-------+---------
